Map: 데이터-C

Players

Serral - Winner!

  • Race: Zerg Zerg
  • Spawn Location: 3:00

Bunny

  • Race: Terran Terran
  • Spawn Location: 9:00

Event: DreamHack SC2 Masters 2022 Atlanta (Offline)

VOD

Have the link to the VOD?

Description

Time

  • Played on: Nov. 18, 2022, 6:33 p.m.
  • Length: 11:45

All games in this series

Show
View Real Time Build Order
Export as new Build Order

Serral Zerg - Winner!

Build Orders: Pool First 

Get SALT Encoding   

  12  0:00  Drone  
  13  0:12  Overlord  
  13  0:16  Drone  
  14  0:30  Drone x2  
  14  0:34  Drone  
  17  0:44  Extractor  
  17  0:45  Drone  
  17  0:49  Spawning Pool  
  16  0:55  Drone  
  17  1:06  Drone  
  18  1:18  Hatchery  
  17  1:21  Drone  
  18  1:35  Queen  
  18  1:37  Zergling x2  
  21  1:40  Zergling x2  
  21  1:46  Metabolic Boost  
  22  1:53  Overlord  
  22  2:11  Queen  
  22  2:12  Zergling x4  
  26  2:24  Drone  
  27  2:30  Drone  
  27  2:33  Drone  
  29  2:38  Hatchery  
  29  2:42  Drone  
  29  2:45  Drone  
  29  2:47  Drone  
  31  2:53  Overlord  
  31  2:56  Drone  
  31  2:58  Drone  
  33  3:00  Drone  
  34  3:10  Queen  
  36  3:13  Drone  
  36  3:15  Drone x2  
  39  3:23  Overlord  
  39  3:25  Drone x2  
  41  3:27  Drone x2  
  43  3:37  Overlord  
  43  3:38  Drone  
  43  3:41  Queen  
  44  3:45  Queen  
  44  3:48  Drone x2  
  50  3:53  Queen  
  50  3:54  Drone  
  53  3:57  Zergling x2  
  53  3:59  Drone  
  53  4:00  Drone  
  56  4:03  Overlord  
  56  4:08  Drone, Overlord  
  57  4:15  Baneling Nest  
  57  4:16  Zergling x4  
  58  4:21  Queen  
  59  4:26  Zergling x4  
  59  4:29  Drone x3  
  59  4:30  Drone  
  65  4:32  Drone  
  65  4:34  Drone  
  65  4:35  Drone  
  68  4:43  Drone  
  68  4:44  Drone  
  68  4:45  Spore Crawler  
  69  4:48  Overlord  
  69  4:49  Drone x3  
  69  4:50  Lair  
  69  4:52  Drone  
  73  4:55  Roach Warren  
  73  4:56  Drone  
  73  4:58  Extractor  
  73  4:59  Overlord  
  72  5:00  Drone  
  72  5:05  Overlord  
  72  5:06  Drone x2  
  75  5:09  Drone x3  
  75  5:10  Drone  
  75  5:12  Drone  
  75  5:14  Drone  
  81  5:16  Extractor  
  81  5:17  Extractor  
  81  5:19  Drone x2  
  81  5:20  Drone x2  
  83  5:21  Zergling x2  
  84  5:28  Zergling x4  
  84  5:31  Extractor  
  84  5:32  Drone, Extractor  
  84  5:33  Drone x3  
  84  5:34  Evolution Chamber  
  87  5:37  Overlord, Evolution Chamber  
  87  5:38  Drone x2  
  87  5:41  Overlord  
  88  5:44  Overlord  
  88  5:45  Drone  
  88  5:48  Glial Reconstitution  
  89  5:50  Overlord  
  89  5:59  Roach x5  
  89  6:02  Roach x2  
  89  6:03  Roach x2  
  106  6:06  Zerg Missile Weapons Level 1  
  106  6:08  Zerg Ground Armor Level 1  
  105  6:12  Drone x2  
  105  6:16  Drone  
  105  6:17  Roach  
  105  6:18  Roach x3  
  114  6:20  Overlord  
  116  6:25  Roach  
  116  6:28  Ravager x2  
  116  6:32  Zergling x4, Ravager  
  121  6:35  Zergling x4, Overlord  
  121  6:36  Zergling x8  
  121  6:37  Overlord  
  127  6:40  Overlord  
  127  6:43  Roach x2  
  122  6:48  Roach x2  
  122  6:52  Drone  
  126  6:55  Infestation Pit  
  126  6:57  Hatchery  
  123  7:03  Roach x4  
  131  7:08  Roach  
  131  7:09  Roach x2  
  131  7:11  Ravager  
  131  7:12  Baneling Nest  
  131  7:13  Drone  
  138  7:16  Roach x3  
  138  7:22  Overlord x2  
  144  7:28  Roach x4  
  152  7:33  Zergling x8  
  152  7:38  Zergling x8, Ravager  
  157  7:45  Zergling x2  
  157  7:49  Overlord  
  157  7:50  Roach  
  160  7:51  Roach x3  
  160  7:52  Roach, Ravager  
  160  8:01  Roach x5  
  169  8:06  Roach x3  
  169  8:13  Centrifugal Hooks  
  169  8:14  Hive  
  169  8:16  Roach x3  
  169  8:17  Ravager  
  176  8:20  Zergling x2  
  176  8:21  Zergling x6  
  176  8:26  Zergling x10  
  185  8:31  Zerg Missile Weapons Level 2  
  185  8:34  Zerg Ground Armor Level 2  
  185  8:37  Zergling x4  
  185  8:41  Overlord  
  187  8:42  Zergling x4  
  189  8:51  Zergling x2  
  189  8:52  Zergling x4  
  191  8:59  Ravager x2, Overlord  
  191  9:00  Overlord  
  191  9:02  Overlord  
  186  9:12  Zergling x20  
  177  9:20  Ravager x2  
  177  9:21  Ravager  
  177  9:23  Zergling x6  
  182  9:26  Hatchery  
  182  9:27  Viper x2  
  182  9:30  Zergling x8  
  187  9:38  Roach x6  
  199  9:40  Ravager  
  200  9:51  Zergling x18  
  192  10:00  Zergling x10  
  192  10:04  Baneling x8  
  196  10:08  Zergling x2  
  196  10:09  Zergling x4  
  197  10:15  Zergling x10  
  197  10:18  Baneling x18  
  197  10:19  Baneling  
  199  10:24  Zergling x2  
  199  10:46  Zergling x14  
  196  10:51  Zergling x2  
  196  10:52  Zergling x4  
  196  10:53  Baneling x9  
  199  11:02  Zergling x24  
  199  11:08  Zergling x12  
  197  11:18  Zergling x8  
  187  11:23  Baneling x8  
  187  11:25  Zergling x10  
  165  11:44  Hatchery  
Show
View Real Time Build Order
Export as new Build Order

Bunny Terran 

Build Orders: Command Center First (CC), Hellion Opening 

Get SALT Encoding   

  12  0:00  SCV  
  13  0:12  SCV  
  14  0:17  Supply Depot  
  14  0:24  SCV  
  15  0:38  SCV  
  16  0:50  SCV  
  17  0:59  Command Center  
  17  1:02  SCV  
  18  1:11  Barracks  
  18  1:15  SCV  
  19  1:20  Refinery  
  19  1:28  SCV  
  19  1:29  Refinery  
  20  1:40  SCV  
  21  1:52  SCV  
  22  1:58  Marine  
  23  2:05  Orbital Command  
  23  2:08  Factory  
  23  2:13  Orbital Command  
  23  2:17  Barracks Reactor  
  23  2:30  SCV  
  24  2:39  SCV  
  24  2:42  SCV  
  26  2:45  Supply Depot  
  26  2:51  SCV  
  26  2:53  Starport  
  26  2:54  SCV  
  26  2:58  Hellion  
  30  2:59  Hellion  
  30  3:05  Barracks Tech Lab  
  33  3:06  SCV  
  33  3:18  SCV  
  33  3:19  Hellion, SCV  
  33  3:20  Hellion  
  33  3:24  Stimpack  
  33  3:25  Marine  
  36  3:30  Viking  
  36  3:32  SCV x2  
  40  3:37  Supply Depot  
  40  3:42  Hellion  
  40  3:44  Hellion  
  40  3:46  SCV  
  45  3:49  SCV  
  46  3:59  SCV  
  46  4:01  SCV  
  51  4:11  Barracks  
  51  4:12  SCV, Barracks  
  51  4:13  SCV, Factory Tech Lab  
  51  4:17  Engineering Bay  
  50  4:23  Starport Reactor  
  50  4:27  SCV x2  
  52  4:31  Barracks, Marine  
  52  4:32  Barracks  
  53  4:42  Siege Tank  
  53  4:43  Supply Depot  
  53  4:44  SCV x2, Terran Infantry Weapons Level 1  
  57  4:56  SCV x2  
  57  4:58  Refinery  
  59  5:02  Supply Depot  
  59  5:07  Combat Shield  
  59  5:08  Marine x5, Starport Reactor  
  59  5:12  Supply Depot  
  64  5:20  Siege Tank  
  67  5:23  Marine  
  67  5:26  Marine x5  
  73  5:32  Supply Depot  
  73  5:41  Marine  
  74  5:44  Marine x2  
  74  5:45  Medivac x2  
  74  5:48  Supply Depot  
  74  5:49  SCV x2  
  82  5:50  Refinery  
  82  5:51  Marine  
  82  5:52  Marine  
  84  5:58  Siege Tank  
  84  6:03  Marine x4  
  85  6:10  Marine x2  
  87  6:16  Supply Depot  
  87  6:17  Medivac  
  89  6:20  Marine  
  89  6:21  Medivac, Marine  
  89  6:24  Marine  
  89  6:25  Marine  
  95  6:28  Marine  
  96  6:34  Marine  
  96  6:38  Marine  
  96  6:39  Marine  
  97  6:41  Marine  
  94  6:48  Siege Tank  
  94  6:50  Barracks Tech Lab  
  94  6:51  Marine  
  94  6:52  Marine x2  
  98  6:55  Medivac  
  98  6:56  Marine x2  
  98  6:59  SCV x2  
  104  7:03  Medivac  
  104  7:04  Marine  
  104  7:05  Concussive Shells  
  107  7:11  Terran Infantry Armor Level 1  
  107  7:12  Marine  
  107  7:13  Marine  
  109  7:18  Supply Depot  
  109  7:29  Supply Depot  
  107  7:33  Marauder  
  107  7:36  Supply Depot  
  109  7:38  Supply Depot  
  109  7:39  Medivac, Marauder  
  109  7:40  Marine x5  
  118  7:51  Siege Tank  
  121  7:55  Marauder  
  120  8:00  Marine x5  
  120  8:01  Marauder  
  123  8:16  Liberator, Marauder  
  123  8:18  Marine x5  
  133  8:20  Liberator  
  133  8:22  Marauder  
  138  8:34  Siege Tank  
  138  8:38  Supply Depot x2  
  141  8:49  Marauder  
  141  8:52  Marauder  
  139  9:04  Marine  
  139  9:05  Marine x4  
  141  9:10  Marauder  
  141  9:13  Marauder  
  141  9:14  Siege Tank  
  141  9:16  Liberator  
  141  9:23  Supply Depot  
  139  9:29  Marine x5  
  140  9:32  Marauder  
  142  9:43  Marauder  
  144  9:47  Marine x3  
  144  9:50  Marine x2  
  138  9:53  Marauder  
  138  9:56  Medivac  
  141  10:05  Marauder, Marine  
  141  10:06  Siege Tank  
  147  10:09  Marine x4  
  145  10:15  Marauder  
  147  10:22  Marine  
  147  10:26  Marine  
  147  10:27  Marine x2  
  151  10:32  Medivac x2  
  155  10:38  Siege Tank  
  155  10:40  Marauder, Marine  
  155  10:42  Marine  
  162  10:50  Marine  
  162  10:51  Marine x2  
  146  11:10  Siege Tank  
  142  11:16  Marauder x2, Marine x5  
Tags
 
Add a new tag
Caveats
  • Supply blocks, unpowered buildings, or Contaminate may cause inaccurate times.
  • Supply counts are checked every 10 seconds.